 Dungeon Crawl Stone Soup version 0.27.0-1-g7a089689b8 (webtiles) character file.

Game seed: 14577525933278597567

14 horus123 the Chiller (level 2, 0/15 HPs)
             Began as a Deep Elf Ice Elementalist on Aug 11, 2021.
             Slain by a hobgoblin (1 damage)
             ... on level 1 of the Dungeon.
             The game lasted 00:01:28 (306 turns).

horus123 the Chiller (Deep Elf Ice Elementalist)     Turns: 306, Time: 00:01:30

Health: 0/15       AC:  2    Str:  5    XL:     2   Next: 31%
Magic:  5/8        EV: 12    Int: 19    God:
Gold:   39         SH:  0    Dex: 15    Spells: 5/7 levels left

rFire    . . .     SeeInvis .   (no weapon)
rCold    . . .     Faith    .   (no shield)
rNeg     . . .     Spirit   .   a - +0 robe
rPois    .         Reflect  .   (no helmet)
rElec    .         Harm     .   (no cloak)
rCorr    .         Rampage  .   (no gloves)
Will     .....                  (no boots)
Stlth    ++........             (no amulet)
HPRegen  0.05/turn              (no ring)
MPRegen  0.11/turn              (no ring)

@: no status effects
A: no striking features
a: no special abilities


You were on level 1 of the Dungeon.
You visited 1 branch of the dungeon, and saw 1 of its levels.

You collected 39 gold pieces.

Inventory:

Armour
 a - a +0 robe (worn)
Scrolls
 b - a scroll of brand weapon {unknown}


   Skills:
 + Level 2.4 Dodging
 * Level 2.7 Stealth
 + Level 3.2 Spellcasting
 * Level 4.9 Ice Magic


You had 5 spell levels left.
You knew the following spells:

 Your Spells              Type           Power      Damage    Failure   Level
a - Freeze                Ice            84%        1d10      1%          1
b - Shock                 Conj/Air       12%        1d3       16%         1

Your spell library contained the following spells:

 Spells                   Type           Power      Damage    Failure   Level
 Frozen Ramparts          Ice            42%        1d6       6%          3
 Ozocubu's Armour         Ice            21%        N/A       6%          3
 Swiftness                Air            3%         N/A       41%         3
 Hailstorm                Conj/Ice       12%        3d5       47%         4
 Airstrike                Air            1%         N/A       83%         4


Dungeon Overview and Level Annotations

Branches:
Dungeon (1/15)

Altars:


Message History

A bat comes into view.
Found a stone staircase leading down.
A goblin comes into view. It is wielding a +0 dagger.
A frilled lizard comes into view.
The bat hits you but does no damage.
You can't see any susceptible monsters within range! (Use Z to cast anyway.)
A hobgoblin comes into view.
The hobgoblin shouts!
The bat hits you but does no damage.
Found 3 scrolls labelled EDUG ZIXZORIA.
You can't see any susceptible monsters within range! (Use Z to cast anyway.)
A rat comes into view.
The goblin shouts!
The bat hits you but does no damage.
A ball python comes into view.
You freeze the bat!
You kill the bat!
The frilled lizard hisses angrily.
The ball python hisses angrily.
The goblin closely misses you.
You freeze the hobgoblin.
The hobgoblin is moderately wounded.
The goblin hits you with a +0 dagger. The hobgoblin hits you.
The frilled lizard bites you.
You are too injured to fight recklessly!
You are too injured to fight recklessly!
Aiming: Freeze (safe; 1% risk of failure)
Press: ? - help, Q - select action, (/) - cycle Shift-Dir - straight line, f/p - hobgoblin
Aim: a hobgoblin (moderately wounded)
You freeze the hobgoblin.
The hobgoblin is almost dead.
The ball python bites you. The ball python grabs you.
The ball python constricts you. The goblin closely misses you.
The hobgoblin hits you.
* * * LOW HITPOINT WARNING * * *
The frilled lizard closely misses you. The ball python closely misses you.
The ball python constricts you.
The rat twitches its whiskers.
The rat closely misses you.
You escape the ball python's grasp.
The hobgoblin hits you.
You die...

###.
#............
....
#.#..........#
....
#.#..........#
....
###........(...#
....
#.............#
....
#.#............#
.#..
...>...........#
###.
###.......r....#
.#
#......@g....#
..
#......lgS..##
#...........# .
###..........# .
#..........#
#..?.......#
#..........#
#..........#


You could see a hobgoblin, a goblin, a ball python, a frilled lizard and a rat.

Vanquished Creatures
  A ball python (D:1)
  A bat (D:1)
  2 endoplasms (D:1)
  A goblin (D:1)
  2 jackals (D:1)
  A quokka (D:1)
  2 frilled lizards (D:1)
  3 rats (D:1)
13 creatures vanquished.

Notes
Turn   | Place    | Note
-------+----------+-------------------------------------------
     0 | D:1      | horus123 the Deep Elf Ice Elementalist began the quest for
                  | the Orb.
     0 | D:1      | Reached XP level 1. HP: 10/10 MP: 6/6
   109 | D:1      | Reached XP level 2. HP: 10/15 MP: 1/8
   232 | D:1      | Learned a level 1 spell: Shock
   306 | D:1      | Slain by a hobgoblin

Illustrated notes

Levels and vault maps discovered:
D:1:      minmay_arrival_five_plusses, layout_rooms, minmay_bisected

Action                   || total
-------------------------++-------
 Cast: Freeze            ||    15
       Shock             ||     4
Armor: Robe              ||     4
Dodge: Dodged            ||     8
